 Dungeon Crawl Stone Soup version 0.20.1-1-g8b1a95d (webtiles) character file.

95 AnotherOne the Sneak (level 4, 0/33 HPs)
             Began as a Vampire Assassin on Oct 22, 2017.
             Slain by supermoro's ghost (1 damage)
             ... on level 3 of the Dungeon on Oct 23, 2017.
             The game lasted 00:13:05 (3226 turns).

AnotherOne the Sneak (Vampire Assassin)             Turns: 3226, Time: 00:13:05

Health: 0/33       AC:  3    Str: 10    XL:     4   Next: 40%
Magic:  4/4        EV: 12    Int: 13    God:
Gold:   130        SH:  0    Dex: 16    Spells: 3/3 levels left

rFire    . . .     SeeInvis +   a - +2 dagger
rCold    + . .     Gourm    .   (no shield)
rNeg     + + .     Faith    .   c - +0 robe
rPois    +         Spirit   .   (no helmet)
rElec    .         Reflect  .   d - +0 cloak
rCorr    .         Harm     .   (no gloves)
MR       .....                  (no boots)
Stlth    +++.......             (no amulet)
Regen    0.1/turn               (no ring)
MPRegen  0.1/turn               (no ring)

@: confused, regenerating slowly
A: fangs 3, see invisible, unbreathing
a: Bat Form


You were on level 3 of the Dungeon.
You were thirsty.

You visited 1 branch of the dungeon, and saw 3 of its levels.

You collected 130 gold pieces.

Inventory:

Hand Weapons
 a - a +2 dagger (weapon)
 b - a +0 blowgun
Missiles
 e - 8 poisoned needles
 f - 2 curare-tipped needles
 r - 6 needles of confusion
Armour
 c - a +0 robe (worn)
 d - a +0 cloak (worn)
Wands
 o - a wand of digging (7/24)
Scrolls
 i - a scroll of teleportation {unknown}
 j - a scroll of remove curse
 k - a scroll of immolation {unknown}
 l - a scroll of random uselessness {unknown}
 n - a scroll of noise {unknown}
 q - 3 scrolls of identify {unknown}
 s - a scroll of fear {unknown}
Potions
 g - a potion of blood
 h - 3 potions of curing {unknown}
 m - a potion of magic {unknown}
 p - a potion of might {unknown}
 t - 2 potions of haste {unknown}


   Skills:
 + Level 2.2 Fighting
 + Level 2.9 Short Blades
 + Level 1.7 Throwing
 + Level 1.5 Dodging
 + Level 7.7 Stealth


You had 3 spell levels left.
You didn't know any spells.

Dungeon Overview and Level Annotations

Branches:
Dungeon (3/15)

Altars:
Sif Muna

Annotations:
D:3 supermoro's ghost, amateur SpEn


Innate Abilities, Weirdness & Mutations

You heal slowly.
You have razor-sharp teeth.
You have supernaturally acute eyesight. (SInv)
You can survive without breathing.


Message History

* * * LOW HITPOINT WARNING * * *
You're too confused!
You bump into the rock wall.
The hobgoblin closely misses you. The rat bites you.
* * * LOW HITPOINT WARNING * * *
Supermoro's ghost closely misses you.
You hit the worm.
The worm is lightly wounded.
The rat misses you. The hobgoblin barely misses you.
Supermoro's ghost whispers something so quietly that you cannot hear it.
Supermoro's ghost closely misses you. The worm misses you.
You hit the worm.
The worm is lightly wounded.
The rat closely misses you. The hobgoblin hits you with a club.
* * * LOW HITPOINT WARNING * * *
Supermoro's ghost hits you but does no damage.
You bump into the rock wall.
The rat barely misses you. The hobgoblin misses you.
The worm barely misses you. Supermoro's ghost hits you.
You die...

#.# #.# #.# ###.#
##...#### ### #.......#
.. #..####.# .#
#######(.# #.###w##
)......[.# #.##@g.####
(#######.## #.brW#....#
(...).....######r..##.#
.####...................
.# #.##..######........
.####.# .# ##.#.#...
....).# ....... (######
.###... .# .# ...


You could see a worm, supermoro's ghost, a hobgoblin, a bat and 2 rats.

Vanquished Creatures
  2 adders (D:2)
  An ooze (D:2)
  3 dart slugs (D:1)
  A leopard gecko (D:2)
  4 orcs (D:3)
  6 giant cockroaches
  6 goblins
  4 hobgoblins
  7 jackals (D:2)
  8 kobolds
  2 quokkas (D:2)
  2 ball pythons (D:3)
  2 bats
  2 frilled lizards
  7 rats
57 creatures vanquished.

Notes
Turn   | Place    | Note
-------+----------+-------------------------------------------
     0 | D:1      | AnotherOne the Vampire Assassin began the quest for the Orb.
     0 | D:1      | Reached XP level 1. HP: 16/16 MP: 1/1
    24 | D:1      | Reached skill level 6 in Stealth
   138 | D:1      | Reached XP level 2. HP: 20/22 MP: 2/2
   423 | D:1      | Reached XP level 3. HP: 25/27 MP: 3/3
   471 | D:1      | Reached skill level 7 in Stealth
  1815 | D:3      | Found a deep blue altar of Sif Muna.
  1847 | D:3      | Reached XP level 4. HP: 33/33 MP: 4/4
  3203 | D:3      | Noticed supermoro's ghost (amateur SpEn)
  3225 | D:3      | HP: 1/33 [hobgoblin/club (3)]
  3226 | D:3      | Slain by supermoro's ghost

Skill      XL: |  1  2  3 |
---------------+----------+-----
Stealth        | 6 7 |  7.7
Fighting       | 2 |  2.2
Short Blades   | |  2.9
Throwing       | |  1.7
Dodging        | |  1.5

Action                   |  1- 3 |  4- 6 || total
-------------------------+-------+-------++-------
Melee: Dagger            |   132 |    68 ||   200
       Bite              |     8 |     4 ||    12
  Use: Scroll            |     1 |       ||     1
 Stab: Sleeping          |    15 |       ||    15
  Eat: Corpse            |     1 |     3 ||     4
Armor: Robe              |    26 |    20 ||    46
Dodge: Dodged            |   110 |    66 ||   176
